 Dungeon Crawl Stone Soup version 0.29-a0-22-gbf593b16ee (webtiles) character file.

Game seed: 16037739122421651860

1484 dolemite99 the Sneak (level 8, -4/52 HPs)
             Began as an Octopode Brigand on Jan 28, 2022.
             Was a Priest of Vehumet.
             Slain by a centaur (5 damage)
             ... on level 7 of the Dungeon on Jan 29, 2022.
             The game lasted 00:11:21 (7263 turns).

dolemite99 the Sneak (Octopode Brigand)             Turns: 7263, Time: 00:11:21

Health: -4/52      AC:  1    Str: 12    XL:     8   Next: 79%
Magic:  5/8        EV: 17    Int: 14    God:    Vehumet [***...]
Gold:   68         SH:  0    Dex: 13    Spells: 3/7 levels left

rFire   . . .      SeeInvis .   a - +2 dagger (vorpal)
rCold   . . .      Faith    +   (no shield)
rNeg    + + +      Spirit   .   (helmet restricted)
rPois   .          Reflect  .   b - amulet of faith
rElec   .          Harm     .   l - ring of the Shining One's Envy {rN++ Will+ EV+4}
rCorr   +          Rampage  .   p - ring of resist corrosion
Will    +....                   t - ring of positive energy
Stlth   ++++......              (no ring)
HPRegen 0.17/turn               (no ring)
MPRegen 0.11/turn               (no ring)
                                (no ring)
                                (no ring)

@: studying Short Blades
A: almost no armour, amphibious, 8 rings, camouflage 1, gelatinous body 1,
(nimble swimmer 1), tentacles
a: Renounce Religion


You were on level 7 of the Dungeon.
You worshipped Vehumet.
Vehumet was most pleased with you.
You visited 1 branch of the dungeon, and saw 7 of its levels.

You collected 236 gold pieces.
You spent 168 gold pieces at shops.

Inventory:

Hand Weapons
 a - a +2 vorpal dagger (weapon)
 j - a +0 rapier
 k - a +0 hunting sling
 n - a +0 hand axe of electrocution
Missiles
 c - a curare-tipped dart
 e - 9 atropa-tipped darts
 f - 166 stones
 h - 113 arrows
 i - 9 poisoned darts (quivered)
 x - 5 javelins
 D - 4 boomerangs
Jewellery
 b - an amulet of faith (around mantle)
 l - the ring of the Shining One's Envy (left tentacle) {rN++ Will+ EV+4}
   (You found it on level 4 of the Dungeon)

   [ring of evasion]

   EV:        It affects your evasion (+4).
   rN:        It greatly protects you from negative energy.
   Will:      It increases your willpower.
 p - a ring of resist corrosion (right tentacle)
 t - a ring of positive energy (on tentacle)
 z - an amulet of reflection
 C - a ring of ice
Scrolls
 g - a scroll of amnesia
 m - a scroll of fear
 o - 3 scrolls of teleportation
 q - 2 scrolls of vulnerability
 r - a scroll of summoning {unknown}
 u - a scroll of silence
 v - 4 scrolls of enchant armour
 y - a scroll of identify {@r1}
Potions
 d - a potion of magic
 s - 2 potions of curing
 w - a potion of mutation
 B - 2 potions of berserk rage
 E - a potion of invisibility


   Skills:
 - Level 3.3 Fighting
 - Level 3.2 Short Blades
 - Level 3.2 Throwing
 - Level 2.7 Dodging
 - Level 6.6 Stealth
 + Level 5.8 Conjurations
 + Level 6.0 Fire Magic


You had 3 spell levels left.
You knew the following spells:

 Your Spells              Type           Power      Damage    Failure   Level
a - Foxfire               Conj/Fire      64%        2x1d7     1%          1
b - Stone Arrow           Conj/Erth      16%        3d8       7%          3

Your spell library contained the following spells:

 Spells                   Type           Power      Damage    Failure   Level
 Scorch                   Fire           34%        2d7       1%          2
 Slow                     Hex            0%         N/A       28%         1
 Blink                    Tloc           0%         N/A       41%         2
 Confusing Touch          Hex            0%         N/A       65%         3
 Vampiric Draining        Necr           0%         2d6       65%         3
 Flame Wave               Conj/Fire      16%        2d6       7%          4
 Yara's Violent Unravell  Hex/Tmut       0%         3d3       86%         5
 Iron Shot                Conj/Erth      4%         9d2       95%         6
 Blade Hands              Tmut           0%         N/A       100%        5
 Manifold Assault         Tloc           0%         N/A       100%        5
 Summon Cactus Giant      Summ           0%         N/A       100%        6
 Enfeeble                 Hex            0%         N/A       100%        7
 Storm Form               Tmut/Air       0%         N/A       100%        7
 Animate Armour           Summ/Erth      Unusable   N/A       N/A         4

Dungeon Overview and Level Annotations

Branches:
Dungeon (7/15)             Temple (0/1) D:7

Altars:
Vehumet

Shops:
D:3 =   D:5 [!

Annotations:
D:3 Sigmund
D:4 3 runed translucent doors, pokeman's ghost, amateur DEWz


Innate Abilities, Weirdness & Mutations

You cannot wear most types of armour.
You are amphibious.
You can wear up to eight rings at the same time.
Your skin changes colour to match your surroundings (Stealth+).
Your rubbery body absorbs attacks. (AC +1, EV +1)
((You are camouflaged when in or above water. (Stealth+)))
You have tentacles for arms and can constrict up to eight enemies at once.


Message History

The bullfrog barely misses you.
Casting: Foxfire (safe; 1% risk of failure)
Confirm with . or Enter, or press ? or * to list all spells.
You conjure some foxfire!
The howler monkey misses you.
The centaur unwields a +0 shortbow.
The centaur hits you. The centaur kicks you. The bullfrog misses you.
The howler monkey closely misses you.
The foxfire hits the howler monkey.
The howler monkey is moderately wounded.
The foxfire hits the bullfrog.
The bullfrog is lightly wounded.
The centaur hits you. The centaur kicks you. The bullfrog hits you!
The howler monkey hits you.
* * * LOW HITPOINT WARNING * * *
The centaur closely misses you. The centaur kicks you.
* * * LOW HITPOINT WARNING * * *
The bullfrog misses you.
Casting: Foxfire (safe; 1% risk of failure)
Confirm with . or Enter, or press ? or * to list all spells.
You conjure some foxfire!
The centaur barely misses you. The centaur closely misses you.
The bullfrog closely misses you. The howler monkey hits you.
* * * LOW HITPOINT WARNING * * *
The foxfire hits the howler monkey.
The howler monkey is heavily wounded.
The foxfire hits the bullfrog.
The bullfrog is moderately wounded.
The centaur hits you.
* * * LOW HITPOINT WARNING * * *
The centaur barely misses you.
The bullfrog hits you but does no damage.
The howler monkey closely misses you. The centaur hits you.
* * * LOW HITPOINT WARNING * * *
The centaur misses you. The bullfrog hits you.
* * * LOW HITPOINT WARNING * * *
Casting: Foxfire (safe; 1% risk of failure)
Confirm with . or Enter, or press ? or * to list all spells.
You conjure some foxfire!
The howler monkey closely misses you. The centaur hits you.
You die...

#..........................
#.............##.....#.... .
#..........#..[....##.... ...
##...........##.#..##.>.#
....##...........###....##....
#....................#######..
#....................# #.)
..#..#......v........#######..
#. #......v@..#.##.........# #
........cFh.#.#......<....
..#..............##.#..)).
...#.........#### #. ##..).
...(........... .. ##...
......#..>....#.# ## ###...
...........# #.....
............ #..... #.....


You could see a bullfrog, a centaur (ally target) and a howler monkey.

Vanquished Creatures
  Grinder (D:3)
  A black bear (D:5)
  A sky beast (D:6)
  2 centaurs (D:7)
  3 phantoms
  A kobold brigand (D:4)
  2 bullfrogs
  A scorpion (D:5)
  2 centaur zombies
  4 hounds
  An orc priest (D:5)
  A centaur skeleton (D:7)
  An iguana (D:5)
  A hound skeleton (D:4)
  A howler monkey zombie (D:5)
  7 adders
  A white imp (D:7)
  2 ufetubi
  2 worms
  4 dart slugs
  13 orcs
  5 bats
  6 endoplasms
  2 giant cockroaches
  6 goblins
  11 hobgoblins
  3 jackals (D:5)
  3 quokkas
  4 ball pythons
  A frilled lizard (D:2)
  8 kobolds
  2 rats
  A butterfly (D:7)
104 creatures vanquished.

Vanquished Creatures (others)
  69 foxfires
69 creatures vanquished.

Grand Total: 173 creatures vanquished

Notes
Turn   | Place    | Note
-------+----------+-------------------------------------------
     0 | D:1      | dolemite99 the Octopode Brigand began the quest for the
                  | Orb.
     0 | D:1      | Reached XP level 1. HP: 14/14 MP: 1/1
   263 | D:1      | Reached XP level 2. HP: 18/19 MP: 2/2
   941 | D:1      | Reached XP level 3. HP: 21/24 MP: 3/3
  1540 | D:2      | Reached XP level 4. HP: 30/30 MP: 4/4
  1776 | D:2      | Found a faded altar of an unknown god.
  1779 | D:2      | Prayed at the altar of an unknown god.
  1779 | D:2      | Became a worshipper of Vehumet
  1779 | D:2      | Reached * piety under Vehumet
  1779 | D:2      | Offered knowledge of Foxfire by Vehumet.
  1865 | D:3      | Found Dukhlyire's Jewellery Emporium.
  2003 | D:3      | Noticed Grinder
  2040 | D:3      | Killed Grinder
  2041 | D:3      | Reached XP level 5. HP: 36/36 MP: 5/5
  2041 | D:3      | Reached XP level 6. HP: 42/42 MP: 6/6
  2588 | D:3      | Learned a level 1 spell: Foxfire
  2588 | D:3      | Noticed Sigmund
  3047 | D:4      | Reached skill level 1 in Conjurations
  3178 | D:4      | Identified the ring of the Shining One's Envy {rN++ Will+
                  | EV+4}
  3242 | D:4      | Offered knowledge of Static Discharge by Vehumet.
  3563 | D:4      | Noticed a steam dragon
  3564 | D:4      | Found a runed translucent gate.
  3564 | D:4      | Found a runed translucent gate.
  3564 | D:4      | Found a runed translucent gate.
  3565 | D:4      | Noticed pokeman's ghost (amateur DEWz)
  3570 | D:4      | Upgraded the game from 0.29-a0-9-g022ca4c890 to
                  | 0.29-a0-22-gbf593b16ee
  3740 | D:4      | Reached ** piety under Vehumet
  3907 | D:4      | Reached XP level 7. HP: 37/46 MP: 7/7
  4154 | D:5      | Entered Level 5 of the Dungeon
  4201 | D:5      | Found Nuonnyd's Armour Boutique.
  4477 | D:5      | Reached skill level 5 in Conjurations
  4530 | D:5      | Offered knowledge of Stone Arrow by Vehumet.
  4617 | D:5      | Learned a level 3 spell: Stone Arrow
  4637 | D:5      | Reached skill level 1 in Fire Magic
  4637 | D:5      | Reached XP level 8. HP: 40/52 MP: 8/8
  4711 | D:5      | Found Wippok's Distillery.
  4722 | D:5      | Bought a potion of might for 56 gold pieces
  4722 | D:5      | Bought a potion of curing for 42 gold pieces
  5651 | D:6      | Reached *** piety under Vehumet
  6392 | D:5      | Bought a potion of berserk rage for 70 gold pieces
  6431 | D:7      | Noticed a troll
  6499 | D:7      | Found a staircase to the Ecumenical Temple.
  6503 | D:7      | Reached skill level 5 in Fire Magic
  7262 | D:7      | HP: 1/52 [bullfrog (2)]
  7263 | D:7      | Slain by a centaur

Illustrated notes

Levels and vault maps discovered:
D:1:      dpeg_arrival_rooms_a, layout_basic
D:2:      layout_loops_ring, hellmonk_ecumenical_altar_inner_sanctum
D:3:      layout_basic, serial_shops, nicolae_shop_hallway_stairs, uniq_grinder,
          uniq_sigmund
D:4:      layout_loops_ring, gammafunk_ghost_split, minivault_11,
          kennysheep_decorative_pillar, minmay_manual_monstrance
D:5:      layout_basic, serial_shops, nicolae_shop_crystal, nicolae_shop_crystal
D:6:      layout_loops_cross
D:7:      layout_rooms, minmay_temple_entry_butterflies

Skill      XL: |  1  2  3  4  5  6  7  8 |
---------------+-------------------------+-----
Fighting       | 3 |  3.3
Short Blades   | 3 |  3.2
Throwing       | 3 |  3.2
Dodging        | 2 |  2.7
Stealth        | 6 |  6.6
Conjurations   | 3 5 |  5.8
Fire Magic     | 1 6 |  6.0

Action                   |  1- 3 |  4- 6 |  7- 9 || total
-------------------------+-------+-------+-------++-------
Melee: Dagger            |    36 |   102 |    74 ||   212
       Constrict         |    10 |    14 |    13 ||    37
       Tentacles         |     9 |     9 |    23 ||    41
       Punch             |     1 |     2 |     1 ||     4
Throw: Dart              |    71 |    55 |    56 ||   182
 Cast: Foxfire           |       |     2 |    36 ||    38
Evoke: Wand              |       |       |     6 ||     6
  Use: Scroll            |     1 |    11 |     4 ||    16
       Potion            |       |     7 |     2 ||     9
 Stab: Sleeping          |     3 |     4 |     1 ||     8
       Distracted        |     1 |     2 |       ||     3
       Confused          |     1 |       |       ||     1
       Invisible         |       |     1 |       ||     1
Armor: Skin              |     2 |    48 |     9 ||    59
Dodge: Dodged            |    16 |    53 |   118 ||   187

Table legend: (Time is in decaauts)
 A = Elapsed time spent in this place.
 B = Non-inter-level travel time spent in this place.
 C = Inter-level travel time spent in this place.
 D = Time resting spent in this place.
 E = Time spent auto-exploring this place.
 F = Levels seen in this place.
 G = Mean time per level.
                   A        B        C        D        E       F      G
               +--------+--------+--------+--------+--------+-----+--------+
         Total |   7190 |   7032 |    158 |   1992 |   3733 |   7 | 1027.1 |
       Dungeon |   7190 |   7032 |    158 |   1992 |   3733 |   7 | 1027.1 |
               +--------+--------+--------+--------+--------+-----+--------+

Top non-repeatable levels by time:
     D:5: 1499 daAuts
     D:4: 1228 daAuts
     D:1: 1108 daAuts
     D:3: 1075 daAuts
     D:7: 806 daAuts
     D:6: 787 daAuts
     D:2: 684 daAuts
